 Dungeon Crawl Stone Soup version 0.20-b1 (webtiles) character file.

635 George the Slasher (level 7, 0/60 HPs)
             Began as a Minotaur Fighter on May 18, 2017.
             Was a Follower of Makhleb.
             Slain by a two-headed ogre
             ... wielding a +0 giant club
              (13 damage)
             ... on level 5 of the Dungeon.
             The game lasted 00:03:56 (3442 turns).

George the Slasher (Minotaur Fighter)               Turns: 3442, Time: 00:03:57

Health: 0/60       AC:  9    Str: 22    XL:     7   Next: 25%
Magic:  7/7        EV:  6    Int:  5    God:    Makhleb [*.....]
Gold:   228        SH: 12    Dex: 10    Spells: 6/6 levels left

rFire    . . .     SeeInvis .   a - +0 long sword
rCold    . . .     Gourm    .   c - +0 shield
rNeg     . . .     Faith    .   l - +0 chain mail
rPois    .         Spirit   .   (helmet restricted)
rElec    .         Reflect  +   (no cloak)
rCorr    .         Harm     .   (no gloves)
MR       .....                  (no boots)
Stlth    ..........             m - +3 amulet of reflection
Regen    0.2/turn               q - ring of wizardry
MPRegen  0.1/turn               (no ring)

@: no status effects
A: retaliatory headbutt, horns 2
a: Renounce Religion


You were on level 5 of the Dungeon.
You worshipped Makhleb.
Makhleb was aware of your devotion.
You were not hungry.

You visited 2 branches of the dungeon, and saw 6 of its levels.

You collected 228 gold pieces.

Inventory:

Hand Weapons
 a - a +0 long sword (weapon)
Missiles
 x - 13 tomahawks (quivered)
 y - 3 tomahawks of returning
Armour
 c - a +0 shield (worn)
 l - a +0 chain mail (worn)
Jewellery
 m - a +3 amulet of reflection (around neck)
 q - a ring of wizardry (left hand)
Scrolls
 e - a scroll of magic mapping {unknown}
 g - a scroll of amnesia {unknown}
 h - 3 scrolls of enchant weapon {unknown}
 i - a scroll of random uselessness {unknown}
 j - 2 scrolls of remove curse {unknown}
 n - 4 scrolls of identify {unknown}
 r - 2 scrolls of blinking {unknown}
 u - a scroll of recharging {unknown}
 w - a scroll of fog {unknown}
Potions
 b - a potion of brilliance {unknown}
 d - a potion of might
 o - 3 potions of curing {unknown}
 p - a potion of berserk rage {unknown}
 s - a potion of heal wounds {unknown}
 t - 2 potions of degeneration {unknown}
 v - a potion of resistance {unknown}
Comestibles
 f - 2 bread rations
 k - 2 meat rations
 z - 2 fruits
 A - a royal jelly


   Skills:
 + Level 4.8 Fighting
 * Level 6.7 Long Blades
 + Level 4.8 Armour
 + Level 2.5 Dodging
 + Level 4.4 Shields
 + Level 2.3 Invocations


You had 6 spell levels left.
You didn't know any spells.

Dungeon Overview and Level Annotations

Branches:
Dungeon (5/15)             Temple (1/1) D:4

Altars:
Cheibriados
Dithmenos
Elyvilon
Fedhas
Gozag
Hepliaklqana
Kikubaaqudgha
Makhleb
Nemelex Xobeh
Okawaru
Qazlal
Ru
Sif Muna
Trog
Uskayaw
Vehumet
Xom
Yredelemnul
Zin
The Shining One


Innate Abilities, Weirdness & Mutations

You reflexively headbutt those who attack you in melee.
You have a pair of horns on your head.


Message History

There is an open door here.
You see here 16 poisoned needles.
Found a falchion.
You open the door.
A two-headed ogre comes into view.
It is wielding a giant club and a giant spiked club.
The two-headed ogre shouts in stereo!
There is an open door here.
Your shield and chain mail prevent you from hitting the two-headed ogre.
The two-headed ogre hits you with a giant club!!
The two-headed ogre hits you with a giant spiked club.
You hit the two-headed ogre.
The two-headed ogre is lightly wounded.
The two-headed ogre hits you with a giant club!
The two-headed ogre hits you with a giant spiked club!
* * * LOW HITPOINT WARNING * * *
You are too injured to fight recklessly!
All of the chunks of flesh in your inventory have rotted away.
The two-headed ogre barely misses you.
The two-headed ogre hits you with a giant spiked club!
You die...

#.... #.... #+# #....
#.# #....
#.############...
#.#........######
#..#.......#.#.##
###.#.#......(#.##.
#.@.##.#...........
###O#.###.#..........
..#.#.# ##.#.........
#.#.#.# ##.#........
#.#.#.# ##.#...#..#
#.#.#.. ..#.######.
#.#.#.# ##.#...#..#
####'#.#.# .# ...8...
#......# .......


You could see a two-headed ogre.

Vanquished Creatures
  2 phantoms (D:4)
  Blork the orc (D:4)
  A scorpion (D:5)
  2 hounds
  An orc priest (D:4)
  An iguana (D:4)
  2 orc wizards
  A worker ant (D:4)
  A hound skeleton (D:4)
  4 adders
  4 worms
  2 dart slugs (D:1)
  3 leopard geckos
  14 orcs
  A ball python (D:4)
  9 bats
  4 giant cockroaches
  4 goblins
  7 hobgoblins
  4 jackals (D:3)
  4 kobolds
  5 frilled lizards
  4 rats
81 creatures vanquished.

Notes
Turn   | Place    | Note
-------+----------+-------------------------------------------
     0 | D:1      | George the Minotaur Fighter began the quest for the Orb.
     0 | D:1      | Reached XP level 1. HP: 19/19 MP: 0/0
    68 | D:1      | Reached skill level 3 in Long Blades
    72 | D:1      | Reached XP level 2. HP: 21/26 MP: 1/1
   299 | D:1      | Reached skill level 4 in Long Blades
   358 | D:1      | Reached XP level 3. HP: 31/31 MP: 2/2
   742 | D:2      | Reached skill level 5 in Long Blades
   780 | D:2      | Found a burning altar of Makhleb.
   935 | D:2      | Became a worshipper of Makhleb the Destroyer
  1104 | D:3      | Reached XP level 4. HP: 40/40 MP: 3/3
  1789 | D:4      | Reached XP level 5. HP: 41/46 MP: 4/4
  1813 | D:4      | Reached skill level 1 in Dodging
  1842 | D:4      | Reached skill level 1 in Invocations
  2144 | D:4      | Noticed Blork the orc
  2164 | D:4      | Killed Blork the orc
  2164 | D:4      | Reached skill level 6 in Long Blades
  2164 | D:4      | Reached XP level 6. HP: 37/53 MP: 5/5
  2269 | D:4      | Found a hide-covered altar of Uskayaw.
  2340 | D:4      | Reached * piety under Makhleb
  2543 | D:4      | Found a staircase to the Ecumenical Temple.
  2551 | D:4      | Reached XP level 7. HP: 60/60 MP: 7/7
  2784 | Temple   | Entered the Ecumenical Temple
  3129 | D:5      | Entered Level 5 of the Dungeon
  3429 | D:5      | Noticed a two-headed ogre
  3442 | D:5      | Slain by a two-headed ogre

Skill      XL: |  1  2  3  4  5  6 |
---------------+-------------------+-----
Long Blades    | 3 4 5 6 |  6.7
Fighting       | 4 |  4.8
Dodging        | 1 2 |  2.5
Armour         | 4 |  4.8
Invocations    | 1 2 |  2.3
Shields        | 4 |  4.4

Action                   |  1- 3 |  4- 6 |  7- 9 || total
-------------------------+-------+-------+-------++-------
Melee: Long sword        |    84 |   127 |    42 ||   253
       Headbutt          |    15 |    18 |     9 ||    42
  Eat: Chunk             |       |     3 |     3 ||     6
       Royal jelly       |       |     1 |       ||     1
Armor: Scale mail        |    20 |       |       ||    20
       Chain mail        |    33 |    46 |    17 ||    96
Dodge: Dodged            |    17 |    20 |     4 ||    41
Block: Shield            |    45 |    76 |    24 ||   145
       Reflection        |       |     3 |     1 ||     4
       Rpst.: Long sword |     5 |     5 |     1 ||    11
